 Dungeon Crawl Stone Soup version 0.27-a0-79-gcaaa221d37 (webtiles) character file.

Game seed: 16298538132705562990

31236 kae the Grappler (level 13, -5/108 HPs)
             Began as an Octopode Transmuter on Jan 14, 2021.
             Was a High Priest of Wu Jian.
             Slain by a six-headed hydra (6 damage)
             ... while petrified
             ... on level 5 of the Lair of Beasts.
             The game lasted 00:12:31 (21865 turns).

kae the Grappler (Octopode Transmuter)             Turns: 21865, Time: 00:12:32

Health: -5/108     AC:  6    Str: 14    XL:     13   Next: 56%
Magic:  0/34       EV:  1    Int: 15    God:    Wu Jian [*****.]
Gold:   862        SH:  0    Dex: 19    Spells: 16/29 levels left

rFire    x . .     SeeInvis .     - Unarmed
rCold    + + +     Faith    .   (shield currently unavailable)
rNeg     + + +     Spirit   +   (helmet currently unavailable)
rPois    ∞         Reflect  .   p - amulet of guardian spirit
rElec    .         Harm     .   i - +4 ring of evasion
rCorr    .         Rampage  .   r - +6 ring of dexterity
Will     .....                  g - ring of magical power
Stlth    ++........             q - ring of wizardry
HPRegen  0.28/turn              (no ring)
MPRegen  0.24/turn              (no ring)
                                (no ring)
                                (no ring)

@: ice-form (expiring), petrified
A: large, almost no armour, stealthy swim, amphibious, 8 rings, (constrict 8)
a: End Transformation, Renounce Religion, Wall Jump, Serpent's Lash, Heavenly
Storm


You were on level 5 of the Lair of Beasts.
You worshipped Wu Jian.
Wu Jian was extremely pleased with you.
You were a creature of crystalline ice.
You visited 2 branches of the dungeon, and saw 15 of its levels.

You collected 982 gold pieces.
You spent 120 gold pieces at shops.

Inventory:

Armour
 l - a +2 hat (melded)
Jewellery
 g - a ring of magical power (on tentacle)
 i - a +4 ring of evasion (left front paw)
 p - an amulet of guardian spirit (around neck)
 q - a ring of wizardry (on tentacle)
 r - a +6 ring of dexterity (right front paw)
 C - an uncursed ring of ice
Wands
 k - a wand of flame (56)
 n - a wand of polymorph (9)
 s - a wand of paralysis (19)
 t - a wand of enslavement (29)
 u - a wand of digging (10)
 w - a wand of random effects (19)
 y - a wand of iceblast (11)
 z - a wand of disintegration (40)
 F - a wand of acid (9)
Scrolls
 a - 3 scrolls of identify
 c - 3 scrolls of fog
 d - 5 scrolls of amnesia
 f - 4 scrolls of remove curse
 h - 5 scrolls of teleportation
 x - 2 scrolls of enchant armour
 D - a scroll of holy word
Potions
 b - 5 potions of curing
 e - a potion of attraction
 j - a potion of brilliance
 m - a potion of might
 o - 3 potions of invisibility
 v - 7 potions of ambrosia
 A - 3 potions of haste
 B - 2 potions of lignification
 G - a potion of flight


   Skills:
 + Level 9.1 Fighting
 + Level 9.4 Dodging
 * Level 12.9 Unarmed Combat
 + Level 8.7 Spellcasting
 + Level 9.3 Transmutations
 - Level 5.0 Ice Magic
 - Level 3.0 Poison Magic


You had 16 spell levels left.
You knew the following spells:

 Your Spells              Type           Power        Failure   Level
a - Beastly Appendage     Tmut           68%          1%          1
b - Spider Form           Tmut/Pois      12%          1%          3
c - Ice Form              Ice/Tmut       28%          2%          4
d - Blade Hands           Tmut           17%          2%          5

Your spell library contained the following spells:

 Spells                   Type           Power        Failure   Level
 Wereblood                Tmut           34%          1%          2
 Animate Skeleton         Necr           12%          4%          1
 Pain                     Necr           24%          4%          1
 Vampiric Draining        Necr           3%           13%         3
 Animate Dead             Necr           3%           38%         4
 Agony                    Necr           6%           73%         5


Dungeon Overview and Level Annotations

Branches:
Dungeon (10/15)            Temple (0/1) D:7            Lair (5/6) D:10
  Swamp (0/4) Lair:3        Snake (0/4) Lair:3          Orc (0/2) D:10
  Slime: Lair:5-6

Altars:
Cheibriados
Dithmenos
Gozag
Hepliaklqana
Nemelex Xobeh
Qazlal
Ru
Sif Muna
Trog
Uskayaw
Wu Jian
Xom
Yredelemnul
Zin

Shops:
D:4 =*[   D:10 *

Portals:
Trove: D:10 (give 6 potions of haste)

Annotations:
Lair:3 exclusion: 2 oklob plants


Innate Abilities, Weirdness & Mutations

You cannot wear most types of armour.
You are very stealthy in the water. (Stealth+)
You are amphibious.
You can wear up to eight rings at the same time.
((You can use your tentacles to constrict eight enemies at once.))
((Your skin changes colour to match your surroundings (Stealth+).))
((Your rubbery body absorbs attacks. (AC +1, EV +1)))


Message History

The six-headed hydra bites you but does no damage.
The six-headed hydra bites you.
* * * LOW HITPOINT WARNING * * *
The six-headed hydra bites you. The six-headed hydra bites you!
* * * LOW HITPOINT WARNING * * *
The six-headed hydra bites you!
* * * LOW HITPOINT WARNING * * *
The six-headed hydra bites you!
* * * LOW HITPOINT WARNING * * *
The yak gores you.
* * * LOW HITPOINT WARNING * * *
The six-headed hydra bites you. The six-headed hydra bites you!
* * * LOW HITPOINT WARNING * * *
The six-headed hydra bites you!
* * * LOW HITPOINT WARNING * * *
The six-headed hydra bites you.
* * * LOW HITPOINT WARNING * * *
The six-headed hydra bites you but does no damage.
The six-headed hydra bites you!
You die...

..P#........P##
#..............##
##.............#.##
................#.# ..
#.................## ...
#...............#.## D...
##................#.###...
.##...P..........Y.#.#..#
......##........YY..#..#
............P.#.YD.....#
..........######...†..#...
..P#.#....# ##.##..#
....##.....# ### ...(.
.P...#P.....# #....#
.P...PP....... ##...#
.#...≈...P....# #..#
.P..≈≈...###..# #..


You could see a six-headed hydra and 3 yaks.

Vanquished Creatures
  Fannar (D:10)
  Erolcha (D:9)
  2 hydras
  A catoblepas (Lair:5)
  A death yak (Lair:1)
  An unseen horror (D:10)
  2 bog bodies (Lair:3)
  An orc sorcerer (D:10)
  11 elephants
  3 black mambas
  9 cane toads
  Joseph (D:9)
  2 rime drakes (Lair:4)
  8 komodo dragons
  4 polar bears
  A hornet (D:10)
  A queen bee (D:10)
  2 wraiths (D:10)
  A shadow (D:10)
  A spriggan (Lair:1)
  22 yaks
  3 basilisks
  7 wyverns
  A steam dragon (Lair:3)
  2 chaos spawn (D:9)
  Menkaure (D:4)
  7 water moccasins
  3 orc warriors
  A black bear (Lair:3)
  6 phantoms
  2 ice beasts (D:8)
  3 ogres
  22 wolves
  3 centaurs
  2 big kobolds (D:9)
  12 bullfrogs
  2 scorpions
  A water moccasin zombie (D:8)
  41 killer bees
  3 wights (D:10)
  A howler monkey (D:9)
  A quasit (D:10)
  Crazy Yiuf (D:6)
  A hound (D:8)
  6 orc priests
  4 iguanas
  Jessica (D:2)
  Natasha (thrice) (D:4)
  5 orc wizards
  3 worker ants
  6 ogre zombies (D:10)
  A hound skeleton (D:9)
  A howler monkey zombie (D:8)
  A worker ant zombie (D:8)
  5 gnolls
  15 adders
  A shadow imp (D:8)
  A white imp (D:9)
  2 ufetubi
  3 oozes
  An adder zombie (D:6)
  An adder skeleton (D:4)
  2 worms
  2 dart slugs (D:3)
  4 leopard geckos
  29 orcs
  5 bats
  8 giant cockroaches
  2 gnoll zombies (D:2)
  13 goblins
  13 hobgoblins
  15 jackals
  18 kobolds
  4 quokkas
  A ball python (D:2)
  7 frilled lizards
  2 goblin skeletons (D:10)
  2 goblin zombies (D:10)
  2 hobgoblin skeletons (D:10)
  3 hobgoblin zombies (D:10)
  A leopard gecko skeleton (D:4)
  4 orc skeletons (D:10)
  6 orc zombies (D:10)
  2 quokka zombies (D:5)
  5 rats
412 creatures vanquished.

Vanquished Creatures (others)
  14 fungi
  18 plants
32 creatures vanquished.

Grand Total: 444 creatures vanquished

Notes
Turn   | Place    | Note
-------+----------+-------------------------------------------
     0 | D:1      | kae the Octopode Transmuter began the quest for the Orb.
     0 | D:1      | Reached XP level 1. HP: 13/13 MP: 3/3
    81 | D:1      | Reached XP level 2. HP: 18/18 MP: 3/5
   462 | D:1      | Reached XP level 3. HP: 23/23 MP: 4/6
  1435 | D:2      | Noticed Jessica
  1438 | D:2      | Killed Jessica
  1439 | D:2      | Reached XP level 4. HP: 26/29 MP: 5/7
  1466 | D:2      | Learned a level 3 spell: Spider Form
  1631 | D:2      | Found a bloodstained altar of Trog.
  1634 | D:2      | Found an opulent altar of Gozag.
  1676 | D:2      | Found a hide-covered altar of Uskayaw.
  2082 | D:2      | Reached skill level 4 in Unarmed Combat
  2325 | D:2      | Found a basalt altar of Yredelemnul.
  2561 | D:2      | Found a shimmering blue altar of Sif Muna.
  2744 | D:3      | Reached XP level 5. HP: 32/34 MP: 8/8
  2830 | D:3      | Reached skill level 1 in Poison Magic
  3168 | D:3      | Found a glowing silver altar of Zin.
  3479 | D:3      | Found a sparkling altar of Nemelex Xobeh.
  3633 | D:4      | Reached XP level 6. HP: 36/39 MP: 10/10
  3812 | D:4      | Found a stormy altar of Qazlal.
  3960 | D:4      | Noticed a phantom
  4019 | D:4      | Noticed Menkaure
  4024 | D:4      | Killed Menkaure
  4025 | D:4      | Reached XP level 7. HP: 24/45 MP: 6/11
  4175 | D:4      | Noticed Natasha
  4176 | D:4      | Found Howuwyh's Jewellery Shoppe.
  4182 | D:4      | Killed Natasha
  4185 | D:4      | Noticed Natasha
  4192 | D:4      | Killed Natasha
  4293 | D:4      | Noticed Natasha
  4299 | D:4      | Killed Natasha
  4300 | D:4      | Reached skill level 5 in Unarmed Combat
  4332 | D:4      | Found Osyileith's Assorted Antiques.
  4550 | D:4      | Bought a scroll labelled ZAUMEPN HOUTOC for 30 gold pieces
  4550 | D:4      | Bought a scroll labelled RAMORA QAGE for 30 gold pieces
  4550 | D:4      | Bought a scroll labelled HAGGYF ZAZUF for 30 gold pieces
  4550 | D:4      | Bought a scroll labelled ZOOXUE FUCHOU for 30 gold pieces
  4786 | D:4      | Learned a level 4 spell: Ice Form
  4797 | D:4      | Found Meoho's Antique Armour Shoppe.
  5397 | D:4      | Reached skill level 1 in Ice Magic
  5397 | D:4      | Reached XP level 8. HP: 33/52 MP: 5/13
  5659 | D:5      | Entered Level 5 of the Dungeon
  5709 | D:5      | Found a hazy altar of Hepliaklqana.
  5770 | D:5      | Found a shimmering altar of Xom.
  5771 | D:5      | Noticed a spectral ugly thing
  6293 | D:5      | Reached skill level 6 in Unarmed Combat
  7081 | D:6      | Found a shadowy altar of Dithmenos.
  7379 | D:6      | Reached XP level 9. HP: 20/58 MP: 5/15
  7768 | D:6      | Found an ornate altar of the Wu Jian Council.
  8165 | D:6      | Found a runed translucent door.
  8166 | D:6      | Noticed Crazy Yiuf
  8210 | D:6      | Killed Crazy Yiuf
  8342 | D:6      | Became a worshipper of the Wu Jian Council
  8898 | D:7      | Found a staircase to the Ecumenical Temple.
  9273 | D:7      | Reached skill level 7 in Unarmed Combat
  9456 | D:8      | Learned a level 5 spell: Blade Hands
  9520 | D:8      | Found the cursed +13 scythe of Curses {drain, *Curse}
  9620 | D:8      | Reached * piety under Wu Jian
  9627 | D:8      | Reached skill level 5 in Dodging
  9627 | D:8      | Reached skill level 5 in Transmutations
 10464 | D:8      | Reached skill level 5 in Ice Magic
 10686 | D:9      | Found the +7 mace of Variability {chain chaos}
 10751 | D:9      | Reached skill level 5 in Spellcasting
 10758 | D:9      | Reached XP level 10. HP: 55/65 MP: 17/17
 10763 | D:9      | Reached skill level 8 in Unarmed Combat
 10772 | D:9      | Reached skill level 5 in Fighting
 10950 | D:9      | Noticed Erolcha
 11209 | D:9      | Noticed Joseph
 11218 | D:9      | Killed Joseph
 11374 | D:9      | Found a snail-covered altar of Cheibriados.
 11375 | D:9      | Found a sacrificial altar of Ru.
 11437 | D:9      | Found a shimmering altar of Xom.
 11543 | D:9      | Killed Erolcha
 11671 | D:10     | Entered Level 10 of the Dungeon
 11679 | D:10     | Found a portal to a secret trove of treasure.
 11741 | D:10     | Reached ** piety under Wu Jian
 11921 | D:10     | Noticed an orc sorcerer
 11927 | D:10     | Found a staircase to the Orcish Mines.
 11930 | D:10     | Killed an orc sorcerer
 11931 | D:10     | Reached skill level 9 in Unarmed Combat
 12154 | D:10     | Killed an unseen horror
 12155 | D:10     | Reached XP level 11. HP: 45/72 MP: 15/20
 12580 | D:10     | Found Fomoumum's Mass Market.
 12744 | D:10     | Reached *** piety under Wu Jian
 12836 | D:10     | Found a staircase to the Lair.
 12837 | D:10     | Noticed Fannar
 12890 | D:10     | Killed Fannar
 13473 | D:10     | Reached skill level 10 in Unarmed Combat
 14387 | Lair:1   | Entered Level 1 of the Lair of Beasts
 14797 | Lair:1   | Noticed a death yak
 14806 | Lair:1   | Killed a death yak
 15175 | Lair:1   | Reached XP level 12. HP: 37/81 MP: 11/22
 15715 | Lair:1   | Reached **** piety under Wu Jian
 16265 | Lair:2   | Reached skill level 11 in Unarmed Combat
 17224 | Lair:3   | Noticed a six-headed hydra
 17600 | Lair:3   | Found a staircase to the Swamp.
 18117 | Lair:3   | Killed a six-headed hydra
 18542 | Lair:3   | Reached skill level 12 in Unarmed Combat
 18683 | Lair:3   | Found a staircase to the Snake Pit.
 19096 | Lair:4   | Reached XP level 13. HP: 89/89 MP: 25/25
 20771 | Lair:4   | Reached ***** piety under Wu Jian
 21865 | Lair:5   | HP: 4/108 [six-headed hydra (6)]
 21865 | Lair:5   | HP: 1/108 [six-headed hydra (3)]
 21865 | Lair:5   | Slain by a six-headed hydra

Illustrated notes

Levels and vault maps discovered:
D:1:      amcnicky_arrival_wind_blow, layout_loops_ring, st_stairs_12
D:2:      layout_loops_corners, lemuel_zombie_altar_yredelemnul, led_sif_pool,
          grunt_temple_overflow_open, minmay_crystal_water, uniq_jessica
D:3:      layout_loops_ring, lemuel_coloured_pillars_altar,
          nemelex_dance_club_becter
D:4:      layout_basic, grunt_qazlal_clouds, serial_shops, nicolae_shop_trees,
          shop, shop_fountains, uniq_menkaure, uniq_natasha
D:5:      layout_loops_cross, regret_index_temple_of_mockery
D:6:      minmay_diamond_boxcup, layout_loops_corners, lemuel_round_altar,
          kennysheep_mini_moat, corexii_checkpoint_b, uniq_crazy_yiuf_cottage
D:7:      layout_cave_pools, minmay_temple_entry_antechambers, enter_bailey_5,
          serial_co_window_serial, co_window_cross_1,
          co_window_of_opportunity_a, co_window_paths_a, co_window_corner_a,
          co_window_paths_a, co_window_of_opportunity_b, co_window_broadway_a,
          co_window_broadway_a, co_window_paths_c, co_window_broadway_b,
          co_window_unsneaky_path_d, co_window_broadway_b, glass_columns_a,
          glass_columns_a, glass_columns_a, glass_columns_b, glass_columns_a
D:8:      layout_cave_pods, chequers_decorated_corner, minmay_checkerbox
D:9:      layout_roguey, gammafunk_temple_overflow_pools,
          minmay_guarded_unrand_variability, uniq_joseph, uniq_erolcha
D:10:     layout_basic, lair_entry_dummy, zombieorc1_lemuel, enter_trove_1,
          special_room [special_room_bee], minmay_shop_mass, uniq_fannar
Lair:1:   layout_regular_city, nicolae_volcano_entry_two_sided, minivault_25,
          grunt_forest_large_clearing_hut
Lair:2:   layout_small_grid, special_room
Lair:3:   layout_cave_pods, skrybe_swamp_entry_bodies, dummy_snake_entry,
          minmay_lair_oklob_chamber, lemuel_fruit_tree
Lair:4:   layout_layer_cave, beast_lair_carwin_8, grunt_megastairs_5
Lair:5:   layout_cave_pods, grunt_megastairs_2, infiniplex_staircase_pool_2,
          uniq_rupert

Skill      XL: |  1  2  3  4  5  6  7  8  9 10 11 12 13 |
---------------+----------------------------------------+-----
Unarmed Combat | 4 5 6 7 9 10 12 | 12.9
Poison Magic   | 2 3 |  3.0
Fighting       | 2 3 4 6 7 8 9 |  9.1
Transmutations | 3 4 5 6 7 8 9 |  9.3
Dodging        | 3 4 5 6 7 8 9 |  9.4
Spellcasting   | 3 4 5 6 7 8 |  8.7
Ice Magic      | 1 3 5 |  5.0

Action                   |  1- 3 |  4- 6 |  7- 9 | 10-12 | 13-15 || total
-------------------------+-------+-------+-------+-------+-------++-------
Melee: Unarmed           |    63 |   160 |   422 |   574 |   176 ||  1395
       Kick              |    13 |     3 |    11 |       |       ||    27
       Constrict         |    22 |    43 |    32 |     7 |       ||   104
       Tentacles         |     7 |    36 |    34 |    14 |     5 ||    96
       Punch             |       |     3 |    10 |     5 |     3 ||    21
 Cast: Beastly Appendage |    17 |     8 |     6 |       |       ||    31
       Spider Form       |       |       |    21 |     1 |       ||    22
       Ice Form          |       |       |    11 |    53 |    16 ||    80
Invok: Lunge             |       |       |    10 |    24 |    10 ||    44
       Whirlwind         |       |       |     5 |    18 |     4 ||    27
       Serpent's Lash    |       |       |       |     1 |       ||     1
Evoke: Wand              |       |       |       |     1 |       ||     1
  Use: Potion            |       |       |     4 |     2 |     1 ||     7
       Scroll            |       |       |    15 |     9 |     1 ||    25
 Stab: Sleeping          |     4 |    15 |     7 |     2 |     1 ||    29
       Distracted        |       |       |     1 |       |       ||     1
       Petrified         |       |       |       |       |     2 ||     2
       Petrifying        |       |       |       |       |     1 ||     1
Armor: Skin              |     5 |     7 |    21 |    59 |    28 ||   120
Dodge: Dodged            |    29 |   118 |   319 |   456 |   163 ||  1085

Table legend: (Time is in decaauts)
 A = Elapsed time spent in this place.
 B = Non-inter-level travel time spent in this place.
 C = Inter-level travel time spent in this place.
 D = Time resting spent in this place.
 E = Time spent auto-exploring this place.
 F = Levels seen in this place.
 G = Mean time per level.
                   A        B        C        D        E       F      G
               +--------+--------+--------+--------+--------+-----+--------+
         Total |  21692 |  21087 |    605 |   1939 |  16378 |  15 | 1446.1 |
       Dungeon |  14298 |  13810 |    488 |   1551 |  10238 |  10 | 1429.8 |
          Lair |   7393 |   7276 |    117 |    388 |   6140 |   5 | 1478.6 |
               +--------+--------+--------+--------+--------+-----+--------+

Top non-repeatable levels by time:
    D:10: 2678 daAuts
  Lair:4: 2128 daAuts
     D:6: 2008 daAuts
     D:4: 1938 daAuts
  Lair:3: 1900 daAuts
  Lair:1: 1724 daAuts
     D:2: 1506 daAuts
     D:8: 1307 daAuts
     D:1: 1151 daAuts
  Lair:2: 1123 daAuts
     D:3: 1102 daAuts
     D:9: 946 daAuts
     D:7: 916 daAuts
     D:5: 744 daAuts
  Lair:5: 516 daAuts
